 Dungeon Crawl Stone Soup version 0.28-a0-461-g2dc4ca5097 (webtiles) character file.

Game seed: 6920662940965717367

12474 mg7810 the Protected (level 11, -8/126 HPs)
             Began as a Demonspawn Monk on Sept 13, 2021.
             Was an Elder of Wu Jian.
             Mangled by a death yak (18 damage)
             ... on level 11 of the Dungeon.
             The game lasted 00:44:23 (12650 turns).

mg7810 the Protected (Demonspawn Monk)             Turns: 12650, Time: 00:44:24

Health: -8/126     AC: 25    Str: 20    XL:     11   Next: 62%
Magic:  11/11      EV:  2    Int: 12    God:    Wu Jian [****..]
Gold:   541        SH:  8    Dex: 16    Spells: 10/10 levels left

rFire   . . .      SeeInvis .   s - +1 whip (elec)
rCold   . . .      Faith    .   E - +0 buckler
rNeg    + + +      Spirit   .   (armour currently unavailable)
rPois   +          Reflect  .   (helmet currently unavailable)
rElec   .          Harm     .   (cloak currently unavailable)
rCorr   .          Rampage  .   (gloves currently unavailable)
Will    .....      NoTele   +   (boots currently unavailable)
Stlth   ++........              c - amulet of the acrobat
HPRegen 0.31/turn               f - +6 ring of strength
MPRegen 0.12/turn               (no ring)

@: tree-form
A: stationary, stasis, torment immunity, boosted hp, (talons 1), (spiny 1),
(sharp scales 3), condensation shield
a: Renounce Religion, Wall Jump, Serpent's Lash


You were on level 11 of the Dungeon.
You worshipped Wu Jian.
Wu Jian was greatly pleased with you.
You were a tree.
You visited 2 branches of the dungeon, and saw 12 of its levels.
You also visited: Ossuary.

You collected 541 gold pieces.

Inventory:

Hand Weapons
 s - a +1 whip of electrocution (weapon)
Missiles
 j - 59 poisoned darts (quivered)
 m - 2 curare-tipped darts
 q - 2 boomerangs
Armour
 g - a +1 helmet (melded)
 o - a +0 plate armour (melded)
 p - a +0 cloak (melded)
 u - the +0 pair of fencer's gloves (melded) {Riposte Dex+3}
   (You found it on level 5 of the Dungeon)

   It allows the wearer to riposte with melee weapons, swiftly retaliating
   against missed attacks.
   Dex:       It affects your dexterity (+3).
 E - a +0 buckler (worn)
Jewellery
 c - an amulet of the acrobat (around neck)
 f - a +6 ring of strength (left branch)
Wands
 a - a wand of flame (10)
 b - a wand of iceblast (11)
 d - a wand of acid (5)
 C - a wand of paralysis (22)
Scrolls
 k - a scroll of enchant weapon
 v - 5 scrolls of immolation
 x - 2 scrolls of enchant armour
 y - a scroll of magic mapping
 z - a scroll of amnesia
 D - 3 scrolls of teleportation
 H - a scroll of identify
Potions
 h - 2 potions of curing
 l - a potion of haste {unknown}
 n - 2 potions of cancellation
 r - 2 potions of berserk rage
 t - a potion of lignification
 w - 2 potions of flight {unknown}
 A - a potion of might
 B - a potion of ambrosia
 G - a potion of magic {unknown}
Miscellaneous
 e - a piece from Xom's chessboard (15/15)
 i - a piece from Xom's chessboard (15/15)


   Skills:
 + Level 7.5 Fighting
 + Level 8.0 Maces & Flails
 * Level 5.3 Throwing
 + Level 8.9 Armour
 * Level 5.4 Dodging
 - Level 2.3 Stealth
 + Level 2.1 Shields
 * Level 6.1 Unarmed Combat
 * Level 4.9 Evocations


You had 10 spell levels left.
You didn't know any spells.
Your spell library contained the following spells:

 Spells                   Type           Power      Damage    Failure   Level
 Foxfire                  Conj/Fire      0%         2x1d4     38%         1
 Magic Dart               Conj           0%         1d3       38%         1
 Call Imp                 Summ           0%         N/A       54%         2
 Ensorcelled Hibernation  Hex/Ice        0%         N/A       54%         2
 Sublimation of Blood     Necr           0%         N/A       54%         2
 Wereblood                Tmut           0%         N/A       54%         2
 Conjure Flame            Conj/Fire      0%         6-21      77%         3
 Gell's Gravitas          Tloc           0%         N/A       77%         3
 Inner Flame              Hex/Fire       0%         N/A       77%         3
 Lesser Beckoning         Tloc           0%         N/A       77%         3
 Mephitic Cloud           Conj/Pois/Air  0%         N/A       77%         3
 Teleport Other           Tloc           0%         N/A       77%         3
 Tukima's Dance           Hex            0%         N/A       77%         3
 Flame Wave               Conj/Fire      0%         3d3       99%         4
 Leda's Liquefaction      Hex/Erth       0%         N/A       99%         4
 Petrify                  Tmut/Erth      0%         N/A       99%         4
 Irradiate                Conj/Tmut      0%         3d13      100%        5
 Lee's Rapid Deconstruct  Erth           0%         3d5*      100%        5
 Statue Form              Tmut/Erth      0%         N/A       100%        6
 Malign Gateway           Summ/Tloc      0%         N/A       100%        7
 Summon Hydra             Summ           0%         N/A       100%        7
 Summon Horrible Things   Summ           0%         N/A       100%        8


Dungeon Overview and Level Annotations

Branches:
Dungeon (11/15)            Temple (1/1) D:4            Lair (0/6) D:11
Ossuary (visited)
    Orc: D:9-12

Altars:
Ashenzari
Cheibriados
Dithmenos
Elyvilon
Fedhas
Gozag
Hepliaklqana
Kikubaaqudgha
Makhleb
Nemelex Xobeh
Okawaru
Qazlal
Ru
Sif Muna
Trog
Uskayaw
Vehumet
Wu Jian
Xom
Yredelemnul
Zin
The Shining One

Shops:
D:2 :   D:6 *


Innate Abilities, Weirdness & Mutations

You are a tree.
Your roots penetrate the ground, keeping you stationary.
You cannot be teleported.
You are immune to unholy pain and torment.
Your maximum health is greatly increased.
Your equipment is partially melded.
((You have sharp toenails.))
((You are partially covered in sharp spines.))
((You are completely covered in razor-sharp scales. (AC +3, Slay +3)))
A meltable shield of frost defends you. (SH +4)


Message History

The death yak barely misses you.
You riposte.
You hit the death yak but do no damage.
You claw the death yak, but do no damage.
The death yak gores you. x3
You hit the death yak.
You claw the death yak, but do no damage.
The death yak is heavily wounded.
The death yak barely misses you. The death yak is struck by your spines.
The death yak gores you!! You block the death yak's attack.
The death yak completely misses you.
You riposte.
You whack the death yak!
You claw the death yak, but do no damage.
The death yak is heavily wounded.
You whack the death yak!
You claw the death yak, but do no damage.
The death yak is severely wounded.
You block the death yak's attack.
The death yak snorts and paws the ground.
The death yak is struck by your spines. The death yak completely misses you.
You riposte.
You hit the death yak.
Lightning courses through the death yak!
You claw the death yak.
You kill the death yak!
The Council accepts your kill. The death yak gores you! x2
* * * LOW HITPOINT WARNING * * *
Your piece from Xom's chessboard (15/15) has regained one charge.
Okay, then.
Really quaff the potion of lignification?
You turn into a tree.
Your +0 cloak melds into your body.
Your +1 helmet melds into your body.
The +0 pair of fencer's gloves {Riposte Dex+3} melds into your body.
Your +0 plate armour melds into your body.
Your roots penetrate the ground.
The death yak gores you!
* * * LOW HITPOINT WARNING * * *
You block the death yak's attack.
The death yak gores you but does no damage.
The death yak gores you!
* * * LOW HITPOINT WARNING * * *
You feel better. You block the death yak's attack. The death yak gores you!!
You die...

...# .>.## #...#
#...### ## #..#
##...#.# ##.##
..####......####...###
)...##....$..........#
.....#...............#
....#..........YY...#
...............Y♣.#
................Y.#
####...♣..♣♣.....##
##.....♣P≈P♣♣......#
#......♣♣≈.♣♣.......#
#..#.♣♣♣♣≈♣♣#.../!..#
#..♣♣♣ P.♣ ♣♣♣♣...##
..# ≈≈≈ P.### .. ≈≈≈
.#


You could see 4 death yaks.

Vanquished Creatures
  A two-headed ogre (D:9)
  3 death yaks
  Sonja (D:10)
  Pikel (D:7)
  A gargoyle (D:7)
  Maggie (D:10)
  A kobold demonologist (D:11)
  Psyche (D:10)
  A troll (D:9)
  2 hornets (D:8)
  2 wyverns
  2 wraiths
  9 yaks
  A shadow (D:9)
  A steam dragon (D:9)
  An acid dragon (D:7)
  2 orc warriors
  A black bear (D:6)
  A hornet zombie (D:6)
  4 ogres
  A necrophage (D:8)
  4 centaurs
  A wolf (D:5)
  3 lemures (D:7)
  A phantom (D:7)
  5 bullfrogs
  3 gnoll sergeants
  2 kobold brigands
  10 scorpions
  11 killer bees
  13 wights
  A howler monkey (D:4)
  2 jellies
  A bullfrog zombie (D:6)
  4 hounds (D:5)
  5 centaur zombies
  A gnoll shaman (D:4)
  3 orc priests
  A bullfrog skeleton (D:5)
  Ijyb (D:3)
  A centaur skeleton (D:4)
  An iguana (D:4)
  9 scorpion zombies (Ossuary)
  5 orc wizards
  3 mummies (Ossuary)
  28 gnolls
  A howler monkey zombie (D:10)
  5 adders
  A shadow imp (D:5)
  2 ufetubi
  An adder skeleton (D:4)
  4 worms
  3 dart slugs
  24 orcs
  8 ball pythons
  4 endoplasms
  7 giant cockroaches
  A gnoll zombie (Ossuary)
  8 goblins
  9 hobgoblins
  9 jackals
  27 kobolds
  5 quokkas
  6 bats
  5 frilled lizards
  2 goblin zombies (Ossuary)
  2 hobgoblin zombies (Ossuary)
  2 kobold zombies (Ossuary)
  2 orc zombies (Ossuary)
  3 rats
298 creatures vanquished.

Vanquished Creatures (collateral kills)
  A wight (D:9)
1 creature vanquished.

Vanquished Creatures (others)
  2 plants (D:4)
2 creatures vanquished.

Grand Total: 301 creatures vanquished

Notes
Turn   | Place    | Note
-------+----------+-------------------------------------------
     0 | D:1      | mg7810 the Demonspawn Monk began the quest for the Orb.
     0 | D:1      | Reached XP level 1. HP: 18/18 MP: 1/1
   311 | D:1      | Gained mutation: You are partially covered in razor-sharp
                  | scales. (AC +1, Slay +1) [demonic ancestry]
   311 | D:1      | Reached XP level 2. HP: 11/24 MP: 2/2
   842 | D:1      | Gained mutation: You have sharp toenails. [demonic
                  | ancestry]
   842 | D:1      | Reached XP level 3. HP: 29/29 MP: 3/3
  1225 | D:2      | Found a faded altar of an unknown god.
  1319 | D:2      | Found Hyit Oho's Book Shop.
  1993 | D:2      | Reached XP level 4. HP: 35/35 MP: 4/4
  2335 | D:3      | Reached skill level 1 in Armour
  2507 | D:3      | Noticed Ijyb
  2535 | D:3      | Killed Ijyb
  2840 | D:3      | Found a sacrificial altar of Ru.
  2850 | D:3      | Reached XP level 5. HP: 40/41 MP: 5/5
  3452 | D:4      | Reached skill level 1 in Throwing
  3583 | D:4      | Gained mutation: You are mostly covered in razor-sharp
                  | scales. (AC +2, Slay +2) [demonic ancestry]
  3583 | D:4      | Reached XP level 6. HP: 34/48 MP: 6/6
  3755 | D:4      | Reached skill level 1 in Evocations
  4241 | D:4      | Gained mutation: You are partially covered in sharp spines.
                  | [demonic ancestry]
  4241 | D:4      | Reached XP level 7. HP: 53/53 MP: 7/7
  4628 | D:4      | Found a staircase to the Ecumenical Temple.
  5249 | D:5      | Entered Level 5 of the Dungeon
  5287 | Temple   | Entered the Ecumenical Temple
  5507 | Temple   | Became a worshipper of the Wu Jian Council
  5507 | Temple   | Reached * piety under Wu Jian
  5507 | Temple   | Reached ** piety under Wu Jian
  5689 | D:5      | Found an iron altar of Okawaru.
  5709 | D:5      | Found a basalt altar of Yredelemnul.
  5728 | D:5      | Found a shimmering blue altar of Sif Muna.
  5768 | D:5      | Noticed a wyvern
  5774 | D:5      | Killed a wyvern
  5775 | D:5      | Reached skill level 1 in Maces & Flails
  6000 | D:5      | Reached XP level 8. HP: 40/61 MP: 8/8
  6318 | D:5      | Found the +0 pair of fencer's gloves {Riposte Dex+3}
  6409 | D:5      | Identified the +1 robe of Moral Flaws {rCorr}
  7109 | D:6      | Reached skill level 5 in Unarmed Combat
  7184 | D:6      | Found an opulent altar of Gozag.
  7383 | D:6      | Found Vifyhilo's CLEARANCE SALE!.
  7496 | D:6      | Reached skill level 5 in Fighting
  7496 | D:6      | Reached skill level 5 in Armour
  7626 | D:6      | You fall into a shaft and drop 2 floors!
  7647 | D:8      | Reached *** piety under Wu Jian
  7652 | D:8      | Gained mutation: You are completely covered in razor-sharp
                  | scales. (AC +3, Slay +3) [demonic ancestry]
  7652 | D:8      | Reached XP level 9. HP: 59/68 MP: 9/9
  8043 | D:8      | Found a sand-covered staircase.
  8049 | Ossuary  | Entered an ossuary
  8363 | Ossuary  | Reached **** piety under Wu Jian
  8364 | Ossuary  | Reached skill level 5 in Maces & Flails
  8661 | D:7      | Noticed Pikel
  8675 | D:7      | Killed Pikel
  8676 | D:7      | Gained mutation: A meltable shield of frost defends you.
                  | (SH +4) [demonic ancestry]
  8676 | D:7      | Reached XP level 10. HP: 65/77 MP: 10/10
  9402 | D:7      | Noticed an angel
  9429 | D:7      | Noticed a gargoyle
  9448 | D:7      | Killed a gargoyle
 10577 | D:9      | Noticed a two-headed ogre
 10585 | D:9      | Killed a two-headed ogre
 10586 | D:9      | Reached skill level 1 in Shields
 10710 | D:9      | Reached XP level 11. HP: 78/84 MP: 11/11
 10881 | D:9      | Found a burning altar of Makhleb.
 11068 | D:10     | Entered Level 10 of the Dungeon
 11150 | D:10     | Noticed Sonja
 11161 | D:10     | Killed Sonja
 11277 | D:10     | Noticed Psyche
 11300 | D:10     | Killed Psyche
 11722 | D:10     | Reached skill level 5 in Dodging
 11852 | D:10     | Noticed Maggie
 11862 | D:10     | Killed Maggie
 12034 | D:10     | Found a shadowy altar of Dithmenos.
 12034 | D:10     | Found a sparkling altar of Nemelex Xobeh.
 12108 | D:10     | Found a bloodstained altar of Trog.
 12484 | D:11     | Noticed a death yak
 12486 | D:11     | Noticed a death yak
 12487 | D:11     | Noticed a death yak
 12488 | D:11     | Noticed a death yak
 12488 | D:11     | Found a staircase to the Lair.
 12488 | D:11     | Noticed a death yak
 12488 | D:11     | Noticed a death yak
 12500 | D:10     | Killed a death yak
 12501 | D:10     | Reached skill level 5 in Throwing
 12616 | D:11     | Noticed a death yak
 12642 | D:11     | Killed a death yak
 12648 | D:11     | Killed a death yak
 12649 | D:11     | HP: 4/126 [death yak (16)]
 12650 | D:11     | Mangled by a death yak

Illustrated notes

Levels and vault maps discovered:
D:1:      tarquinn_simple_flora_water_a, layout_loops_ring, minmay_tetromino_i4
D:2:      layout_loops_cross, dreamdust_ecumenical_altar_grove, serial_shops,
          nicolae_shop_statue_plus
D:3:      layout_loops_ring, nicolae_ru_great_annihilating_truth, uniq_ijyb
D:4:      corexii_shack_village, layout_layer_cave, temple_statues,
          minmay_tree_intersection, minmay_increasing_density
D:5:      layout_cave_pods, nicolae_sif_muna_condensation,
          mainiacjoe_overflow_catch_the_wave, serial_gnoll_camp,
          gnoll_camp_mini_house, gnoll_camp_mini_doghouse,
          gnoll_camp_mini_loothouse, gnoll_camp_mini_hut, gnoll_camp_mini_house
D:6:      layout_loops_cross, nicolae_gozag_cash_rules_everything_around_me,
          nicolae_shop_clearance
D:7:      layout_cave_pools, zin_angel, uniq_pikel
D:8:      layout_rooms, enter_ossuary_2, minmay_misc_feat_columns,
          hangedman_decor_opposing, lightli_orcish_oven
D:9:      layout_rooms, lemuel_round_altar
D:10:     layout_roguey, overflow_temple_1_default,
          gammafunk_temple_overflow_statue, uniq_sonja, uniq_psyche, uniq_maggie
D:11:     layout_cave_pools, dpeg_lair_monsters, serial_bayou_crossing
Temple:   hc_temple_tempest_star

Skill      XL: |  1  2  3  4  5  6  7  8  9 10 11 |
---------------+----------------------------------+-----
Dodging        | 3 4 5 |  5.4
Unarmed Combat | 3 4 5 6 |  6.1
Stealth        | 2 |  2.3
Armour         | 1 2 3 5 7 8 |  8.9
Throwing       | 1 2 3 4 5 |  5.3
Evocations     | 1 2 3 4 |  4.9
Fighting       | 4 5 6 7 |  7.5
Maces & Flails | 1 4 5 7 8 |  8.0
Shields        | 1 2 |  2.1

Action                   |  1- 3 |  4- 6 |  7- 9 | 10-12 || total
-------------------------+-------+-------+-------+-------++-------
Melee: Unarmed           |   140 |   172 |    32 |    12 ||   356
       Kick              |    15 |    44 |   114 |    92 ||   265
       Punch             |     2 |     2 |     7 |       ||    11
       Whip              |       |       |   283 |   238 ||   521
Throw: Dart              |       |    61 |     1 |    17 ||    79
Invok: Lunge             |       |       |    22 |    25 ||    47
       Whirlwind         |       |       |    16 |     9 ||    25
       Serpent's Lash    |       |       |     1 |     3 ||     4
 Abil: Wall Jump         |       |       |     3 |       ||     3
Evoke: Wand              |       |       |       |     7 ||     7
       Piece from Xom's  |       |       |       |     2 ||     2
  Use: Scroll            |     3 |     5 |    11 |     6 ||    25
       Potion            |       |     2 |     2 |     5 ||     9
 Stab: Sleeping          |     5 |       |     3 |       ||     8
       Paralysed         |       |     1 |       |       ||     1
Armor: Robe              |    15 |       |       |       ||    15
       Ring mail         |    21 |    58 |     9 |       ||    88
       Leather armour    |    12 |       |       |       ||    12
       Plate armour      |       |       |   183 |    75 ||   258
       Skin              |       |       |       |     1 ||     1
Dodge: Dodged            |    79 |    73 |    85 |    58 ||   295
Block: Buckler           |       |       |       |    52 ||    52
       Other             |       |       |       |     7 ||     7
       Rpst.: Whip       |       |       |    12 |    21 ||    33

Table legend: (Time is in decaauts)
 A = Elapsed time spent in this place.
 B = Non-inter-level travel time spent in this place.
 C = Inter-level travel time spent in this place.
 D = Time resting spent in this place.
 E = Time spent auto-exploring this place.
 F = Levels seen in this place.
 G = Mean time per level.
                   A        B        C        D        E       F      G
               +--------+--------+--------+--------+--------+-----+--------+
         Total |  12579 |  11722 |    857 |      0 |   8942 |  13 |  967.6 |
       Dungeon |  11768 |  10915 |    853 |      0 |   8456 |  11 | 1069.8 |
        Temple |    264 |    261 |      3 |      0 |    188 |   1 |  264.0 |
       Ossuary |    546 |    546 |      0 |      0 |    298 |   1 |  546.0 |
               +--------+--------+--------+--------+--------+-----+--------+

Top non-repeatable levels by time:
     D:4: 2187 daAuts
     D:5: 1446 daAuts
    D:10: 1237 daAuts
     D:1: 1221 daAuts
     D:3: 1209 daAuts
     D:6: 973 daAuts
     D:7: 930 daAuts
     D:8: 926 daAuts
     D:2: 857 daAuts
     D:9: 721 daAuts
 Ossuary: 546 daAuts
  Temple: 264 daAuts
    D:11: 57 daAuts
